 Dungeon Crawl Stone Soup version 0.24-a0-292-g5c6fb1c (webtiles) character file.

Game seed: 11519634275391939385

4985 galech the Cleaver (level 10, -8/77 HPs)
             Began as a Demonspawn Fighter on May 10, 2019.
             Was a Priest of Okawaru.
             Killed from afar by Erolcha (15 damage)
             ... with a bolt of cold
             ... on level 9 of the Dungeon.
             The game lasted 00:11:56 (7844 turns).

galech the Cleaver (Demonspawn Fighter)             Turns: 7844, Time: 00:11:57

Health: -8/77      AC: 11    Str: 15 (18) XL:     10   Next: 29%
Magic:  10/10      EV: 21    Int:  9      God:    Okawaru [***...]
Gold:   364        SH: 14    Dex: 18 (20) Spells: 9/9 levels left

rFire    + . .     SeeInvis .   a - +0 war axe
rCold    . . .     Gourm    .   c - +0 shield
rNeg     . . .     Faith    .   w - +0 chain mail
rPois    .         Spirit   .   d - +1 hat
rElec    .         Reflect  +   (no cloak)
rCorr    .         Harm     .   (no gloves)
MR       .....                  (no boots)
Stlth    ..........             i - +3 amulet of reflection
HPRegen  0.22/turn              F - ring of protection from fire
MPRegen  0.12/turn              v - +6 ring of evasion

@: agile
A: claws 2, repulsion field 2, powered by pain 2, spiny 1
a: Heroism, Renounce Religion


You were on level 9 of the Dungeon.
You worshipped Okawaru.
Okawaru was most pleased with you.
You were not hungry.

You visited 2 branches of the dungeon, and saw 10 of its levels.

You collected 364 gold pieces.

Inventory:

Hand Weapons
 a - a +0 war axe (weapon)
 y - the +6 whip "Mots" {pain, rPois rF+ Int+2}
   (You found it on level 5 of the Dungeon)

   In the hands of one skilled in necromantic magic, it inflicts extra damage on
   living creatures.
   It affects your intelligence (+2).
   It protects you from fire.
   It protects you from poison.
Armour
 c - a +0 shield (worn)
 d - a +1 hat (worn)
 w - a +0 chain mail (worn)
Jewellery
 g - an uncursed ring of ice
 i - a +3 amulet of reflection (around neck)
 k - an uncursed amulet of the gourmand
 t - an uncursed ring of protection from magic
 u - an uncursed ring of ice
 v - a +6 ring of evasion (right claw)
 F - a ring of protection from fire (left claw)
Scrolls
 h - 9 scrolls of identify {unknown}
 j - 2 scrolls of immolation {unknown}
 l - a scroll of teleportation {unknown}
 m - 2 scrolls of fear {unknown}
 n - 3 scrolls of enchant weapon {unknown}
 o - 4 scrolls of remove curse {unknown}
 p - 3 scrolls of amnesia {unknown}
 r - 2 scrolls of noise {unknown}
 z - 2 scrolls of magic mapping {unknown}
 A - a scroll of fog {unknown}
 B - 2 scrolls of enchant armour {unknown}
 D - a scroll of summoning {unknown}
Potions
 q - a potion of degeneration
Comestibles
 b - 5 chunks of flesh
 f - 21 rations


   Skills:
 + Level 6.3 Fighting
 + Level 9.0 Axes
 + Level 5.5 Armour
 + Level 3.4 Dodging
 + Level 0.1 Stealth
 + Level 7.9 Shields


You had 9 spell levels left.
You didn't know any spells.
Your spell library contained the following spells:

 Spells                   Type           Power        Failure   Level  Hunger
 Animate Skeleton         Necr           N/A          100%        1    ##.....
 Apportation              Tloc           #.....       100%        1    ##.....
 Confusing Touch          Hex            #.....       100%        1    ##.....
 Flame Tongue             Conj/Fire      #....        100%        1    ##.....
 Sandblast                Erth           #.....       100%        1    ##.....
 Summon Small Mammal      Summ           #...         100%        1    ##.....
 Passwall                 Tmut/Erth      #.......     100%        2    ###....
 Confuse                  Hex            #.......     100%        3    ####...
 Gell's Gravitas          Tloc           #.........   100%        3    ####...
 Lesser Beckoning         Tloc           #.........   100%        3    ####...
 Stone Arrow              Conj/Erth      #.....       100%        3    ####...
 Force Lance              Conj/Tloc      #.......     100%        4    #####..
 Petrify                  Tmut/Erth      #.......     100%        4    #####..
 Sticky Flame             Conj/Fire      #.......     100%        4    #####..
 Lee's Rapid Deconstruct  Erth           #.........   100%        5    ######.
 Metabolic Englaciation   Hex/Ice        #.........   100%        5    ######.
 Yara's Violent Unravell  Hex/Tmut       #.........   100%        5    ######.
 Malign Gateway           Summ/Tloc      #.........   100%        7    #######


Dungeon Overview and Level Annotations

Branches:
Dungeon (9/15)             Temple (1/1) D:7            Lair (0/6) D:8
    Orc: D:9-12

Altars:
Ashenzari
Cheibriados
Dithmenos
Elyvilon
Fedhas
Kikubaaqudgha
Makhleb
Nemelex Xobeh
Okawaru
Qazlal
Ru
Sif Muna
Trog
Uskayaw
Wu Jian
Xom
Yredelemnul
The Shining One

Annotations:
D:9 Erolcha


Innate Abilities, Weirdness & Mutations

You have very sharp fingernails.
You are surrounded by a moderate repulsion field. (EV +3)
You sometimes gain power by taking damage.
You are partially covered in sharp spines.


Message History

The orc priest looks satisfied for a moment.
The orc priest misses you.
You hit Erolcha.
Erolcha is almost dead.
You hit the orc priest. You barely miss the orc.
You closely miss the orc priest.
The orc priest invokes the aid of Beogh against you.
Pain shoots through your body!
* * * LOW HITPOINT WARNING * * *
The orc completely misses you. You block the orc priest's attack.
Erolcha mumbles some strange words.
Erolcha seems to speed up.
You hit Erolcha but do no damage.
Erolcha is almost dead.
You hit the orc priest but do no damage.
Your shield and chain mail prevent you from hitting the orc.
You hit the orc priest. Erolcha casts a spell at you.
The bolt of cold hits you!
You die...

.......# .......# ..#
###'##.....# ..#
#....#.....# .5.##
#....#.....# .....
.....#.....# ......
.....#.....####++#......
.....#...........O.....#
.....#....#####.@o.)...#
.....'....# #.oo.....#
.....#....# #........#
.....#)...# #........#
######....# #........#
..........## #........#
.......................#
.......##+#####........#
.......+


You could see Erolcha, 2 orc priests, a shadow imp and an orc.

Vanquished Creatures
  Gastronok (D:8)
  A hornet (D:8)
  A soldier ant (D:8)
  2 ice beasts
  2 sky beasts
  A phantom (D:6)
  An ogre (D:5)
  A centaur (D:4)
  2 crocodiles
  4 bullfrogs
  A wyvern zombie (D:7)
  4 scorpions
  A water moccasin skeleton (D:5)
  3 killer bees (D:9)
  2 howler monkeys
  2 crimson imps (D:6)
  A quasit (D:9)
  A bullfrog zombie (D:6)
  9 orc priests
  2 centaur skeletons (D:8)
  A gnoll shaman (D:7)
  6 hounds
  3 jellies
  5 orc wizards
  A bullfrog skeleton (D:7)
  5 worker ants
  6 iguanas
  A hound skeleton (D:5)
  6 adders
  11 gnolls
  4 shadow imps
  2 oozes
  An adder skeleton (D:6)
  2 worms
  A dart slug (D:2)
  7 leopard geckos
  21 orcs
  9 giant cockroaches
  6 goblins
  7 hobgoblins
  10 jackals
  8 quokkas
  4 ball pythons
  9 bats
  6 frilled lizards
  4 kobolds
  15 rats
203 creatures vanquished.

Vanquished Creatures (others)
  An orc (D:9)
1 creature vanquished.

Grand Total: 204 creatures vanquished

Notes
Turn   | Place    | Note
-------+----------+-------------------------------------------
     0 | D:1      | galech the Demonspawn Fighter began the quest for the Orb.
     0 | D:1      | Reached XP level 1. HP: 18/18 MP: 1/1
   282 | D:1      | Gained mutation: You sometimes gain a little power by
                  | taking damage. [demonic ancestry]
   282 | D:1      | Reached XP level 2. HP: 24/24 MP: 2/2
   317 | D:1      | Reached skill level 2 in Axes
   726 | D:2      | Gained mutation: You are partially covered in sharp spines.
                  | [demonic ancestry]
   726 | D:2      | Reached XP level 3. HP: 29/29 MP: 3/3
   865 | D:2      | Gained mutation: You have sharp fingernails. [demonic
                  | ancestry]
   865 | D:2      | Reached XP level 4. HP: 15/35 MP: 4/4
  1215 | D:2      | Found a basalt altar of Yredelemnul.
  1294 | D:2      | Found a sparkling altar of Nemelex Xobeh.
  1430 | D:3      | Found a faded altar of an unknown god.
  1511 | D:3      | Reached skill level 1 in Dodging
  1582 | D:3      | Found a hide-covered altar of Uskayaw.
  1625 | D:3      | Reached skill level 3 in Axes
  1625 | D:3      | Reached XP level 5. HP: 28/41 MP: 5/5
  1708 | D:3      | Found a snail-covered altar of Cheibriados.
  1718 | D:3      | Found a bloodstained altar of Trog.
  2205 | D:3      | Gained mutation: You have very sharp fingernails. [demonic
                  | ancestry]
  2205 | D:3      | Reached XP level 6. HP: 46/48 MP: 6/6
  2478 | D:4      | Found a shadowy altar of Dithmenos.
  2479 | D:4      | Found a glowing golden altar of the Shining One.
  2581 | D:4      | Reached skill level 4 in Axes
  2734 | D:4      | Found a shattered altar of Ashenzari.
  2795 | D:4      | Gained mutation: You are surrounded by a mild repulsion
                  | field. (EV +2) [demonic ancestry]
  2795 | D:4      | Reached XP level 7. HP: 31/54 MP: 7/7
  3172 | D:4      | Reached skill level 5 in Axes
  3404 | D:4      | Found a blossoming altar of Fedhas.
  3567 | D:5      | Entered Level 5 of the Dungeon
  4014 | D:5      | Reached XP level 8. HP: 51/61 MP: 8/8
  4117 | D:5      | Identified the Almanac of Quantum Flames
  4122 | D:5      | Got an encrusted whip
  4123 | D:5      | Identified the +6 whip "Mots" {pain, rPois rF+ Int+2} (You
                  | found it on level 5 of the Dungeon)
  4329 | D:5      | Reached skill level 5 in Shields
  4546 | D:6      | Reached skill level 6 in Axes
  4782 | D:6      | Reached skill level 5 in Fighting
  5851 | D:7      | Gained mutation: You are surrounded by a moderate repulsion
                  | field. (EV +3) [demonic ancestry]
  5851 | D:7      | Reached XP level 9. HP: 61/68 MP: 9/9
  6172 | D:7      | Found a staircase to the Ecumenical Temple.
  6182 | Temple   | Entered the Ecumenical Temple
  6216 | Temple   | Became a worshipper of Warmaster Okawaru
  6344 | D:7      | Found a sacrificial altar of Ru.
  6595 | D:8      | Reached skill level 7 in Axes
  6629 | D:8      | Noticed Gastronok
  6649 | D:8      | Killed Gastronok
  6649 | D:8      | Reached * piety under Okawaru
  6649 | D:8      | Reached ** piety under Okawaru
  6649 | D:8      | Reached skill level 8 in Axes
  6649 | D:8      | Reached skill level 5 in Armour
  6649 | D:8      | Gained mutation: You sometimes gain power by taking damage.
                  | [demonic ancestry]
  6649 | D:8      | Reached XP level 10. HP: 19/76 MP: 10/10
  6838 | D:8      | Found a burning altar of Makhleb.
  6840 | D:8      | Found a shimmering altar of Xom.
  6840 | D:8      | Found a shimmering altar of Xom.
  6842 | D:8      | Found an ornate altar of the Wu Jian Council.
  6842 | D:8      | Found a burning altar of Makhleb.
  6842 | D:8      | Found a sacrificial altar of Ru.
  6931 | D:8      | Found a staircase to the Lair.
  7168 | D:8      | Reached *** piety under Okawaru
  7172 | D:8      | Paralysed by a hornet for 3 turns
  7182 | D:8      | Paralysed by a hornet for 1 turns
  7189 | D:8      | HP: 3/76 [poisoned by a hornet]
  7210 | D:8      | HP: 3/76 [poisoned by a hornet]
  7216 | D:8      | HP: 2/76 [poisoned by a hornet]
  7223 | D:8      | HP: 1/76 [poisoned by a hornet]
  7228 | D:8      | HP: 1/76 [poisoned by a hornet]
  7234 | D:8      | HP: 1/76 [poisoned by a hornet]
  7240 | D:8      | HP: 1/76 [poisoned by a hornet]
  7246 | D:8      | HP: 1/76 [poisoned by a hornet]
  7708 | D:9      | Reached skill level 9 in Axes
  7836 | D:9      | Noticed Erolcha
  7844 | D:9      | Killed from afar by Erolcha

Levels and vault maps discovered:
D:1:      giann_forest_graveyard, layout_basic
D:2:      layout_rooms, marbit_many_paths, chequers_serial_rivers_room_a,
          nemelex_spade_bored_becter
D:3:      layout_loops_ring, lemuel_crystal_altar, grunt_temple_overflow_open,
          chequers_ecumenical_altar_simple_redux, chequers_decorated_corner
D:4:      layout_loops_ring, grunt_dithmenos_smoke, overflow_temple_1_default,
          nicolae_ashenzari_panopticon, fedhas_altar_4
D:5:      layout_basic, first_ration
D:6:      layout_layer_cave
D:7:      layout_basic, nicolae_ru_awakened_eye, minmay_temple_entry_butterflies
D:8:      layout_rooms, doesnt_xom_only_xom, dpeg_oklobed_lair,
          hangedman_pestilent_swarm, uniq_gastronok
D:9:      layout_irregular_city, minmay_misc_feat_pillars, uniq_erolcha
Temple:   nicolae_temple_hex_pool

Skill      XL: |  1  2  3  4  5  6  7  8  9 10 |
---------------+-------------------------------+-----
Axes           | 2 3 4 5 6 8 9 |  9.0
Armour         | 3 4 5 |  5.5
Shields        | 3 4 6 7 |  7.9
Dodging        | 1 2 3 |  3.4
Fighting       | 4 5 6 |  6.3
Stealth        | |  0.1

Action                   |  1- 3 |  4- 6 |  7- 9 | 10-12 || total
-------------------------+-------+-------+-------+-------++-------
Melee: War axe           |    92 |   167 |   332 |   112 ||   703
Invok: Heroism           |       |       |       |     1 ||     1
  Use: Potion            |       |     1 |     1 |     6 ||     8
  Eat: Chunk             |       |     6 |    13 |     4 ||    23
Armor: Scale mail        |    47 |     6 |       |       ||    53
       Chain mail        |       |    36 |    76 |    16 ||   128
Dodge: Dodged            |    22 |    61 |   144 |    68 ||   295
Block: Shield            |    47 |   136 |   244 |    85 ||   512
       Reflection        |       |     3 |       |     6 ||     9

Table legend:
 A = Non-vault XP
 B = Vault XP
 C = Vault XP percentage of total XP
 D = Non-vault monster count
 E = Vault monster count
 F = Vault count percentage of total count
                 A         B        C        D         E       F
            +---------+---------+-------+---------+---------+-------
      Total |    4337 |    2785 |  39.1 |     197 |       6 |   3.0
            +---------+---------+-------+---------+---------+-------
        D:1 |      36 |       0 |   0.0 |      21 |       0 |   0.0
        D:2 |      76 |       2 |   2.6 |      17 |       1 |   5.6
        D:3 |     278 |       0 |   0.0 |      41 |       0 |   0.0
        D:4 |     693 |       0 |   0.0 |      27 |       0 |   0.0
        D:5 |     445 |       0 |   0.0 |      11 |       0 |   0.0
        D:6 |     775 |       0 |   0.0 |      19 |       0 |   0.0
        D:7 |    1128 |       0 |   0.0 |      30 |       0 |   0.0
        D:8 |     367 |    2783 |  88.3 |      12 |       5 |  29.4
        D:9 |     539 |       0 |   0.0 |      19 |       0 |   0.0
            +---------+---------+-------+---------+---------+-------
